 Dungeon Crawl Stone Soup version 0.29.1-12-g30fa7ad0bf (webtiles) character file.

Game seed: 2605180728147489614

1176 Sanktem7 the Fighter (level 8, -1/78 HPs)
             Began as a Minotaur Fighter on Dec 26, 2022.
             Was an Initiate of Okawaru.
             Shot with a bolt by an orc warrior (16 damage)
             ... on level 7 of the Dungeon.
             The game lasted 00:10:35 (4754 turns).

Sanktem7 the Fighter (Minotaur Fighter)             Turns: 4754, Time: 00:10:35

Health: -1/78      AC:  8    Str: 22    XL:     8   Next: 18%
Magic:  16/16      EV: 10    Int:  5    God:    Okawaru [......]
Gold:   318        SH:  9    Dex: 11    Spells: 7/7 levels left

rFire   . . .      SeeInvis +   a - +0 war axe {axe}
rCold   + . .      Faith    .   c - +0 buckler
rNeg    . . .      Spirit   .   x - +2 ring mail {rC+}
rPois   .          Reflect  +   (helmet restricted)
rElec   .          Harm     +   v - scarf {harm}
rCorr   .          Rampage  .   (no gloves)
Will    .....                   (no boots)
Stlth   +.........              n - amulet of reflection
HPRegen 0.23/turn               q - ring of magical power
MPRegen 0.15/turn               t - ring of see invisible

@: about to teleport, studying Fighting
A: horns 2, retaliatory headbutt
a: Renounce Religion


You were on level 7 of the Dungeon.
You worshipped Okawaru.
Okawaru was noncommittal.
You visited 2 branches of the dungeon, and saw 7 of its levels.
You also visited: Sewer.

You collected 318 gold pieces.


Innate Abilities, Weirdness & Mutations

You have a pair of horns on your head.
You reflexively headbutt those who attack you in melee.


   Skills:
 * Level 9.1 Fighting
 * Level 7.6 Axes
 + Level 2.2 Throwing
 + Level 6.1 Armour
 - Level 3.6 Shields


You had 7 spell levels left.
You didn't know any spells.
Your spell library contained the following spells:

 Spells                   Type           Power      Damage    Failure   Level
 Necrotise                Necr           0%         1d4       71%         1
 Dazzling Flash           Conj/Hex       0%         N/A       97%         3
 Vampiric Draining        Necr           0%         2d6       97%         3
 Iskenderun's Mystic Bla  Conj/Tloc      0%         2d3       100%        4
 Agony                    Necr           0%         N/A       100%        5
 Starburst                Conj/Fire      0%         6d3       100%        6

Inventory:

Hand Weapons
 a - a +0 war axe (weapon) {axe}
Missiles
 g - 36 stones (quivered) {throwing}
 o - 5 javelins {throwing}
Armour
 c - a +0 buckler (worn)
 v - a scarf of harm (worn)
   (You found it on level 3 of the Dungeon)
 x - a +2 ring mail of cold resistance (worn)
   (You found it on level 3 of the Dungeon)
Jewellery
 n - an amulet of reflection (around neck)
   (You took it off an orc on level 2 of the Dungeon)
 q - a ring of magical power (left hand)
   (You found it on level 4 of the Dungeon)
 t - a ring of see invisible (right hand)
   (You found it on level 4 of the Dungeon)
Scrolls
 e - 2 scrolls of teleportation {@r4}
 f - a scroll of enchant armour
 i - 2 scrolls of identify {@r1}
 j - 2 scrolls of poison {!r}
 l - 2 scrolls of fear
 r - a scroll of vulnerability {unknown}
 u - 2 scrolls of torment {!r}
 y - a scroll of blinking {!r}
 z - a scroll of magic mapping {!r}
Potions
 b - 3 potions of heal wounds {unknown}
 d - a potion of might
 h - 2 potions of attraction {!q}
 k - 6 potions of curing {@q1}
 m - a potion of invisibility {unknown}
 p - 3 potions of haste {@q3}
 s - a potion of degeneration {!q@e2}
 w - 2 potions of magic {unknown}
 A - a potion of mutation {unknown}

Dungeon Overview and Level Annotations

Branches:
Dungeon (5/15) Zot: 26217  Temple (1/1) D:5 Zot: 5982   Sewer (visited)

Altars:
Ashenzari
Dithmenos
Elyvilon
Fedhas
Gozag
Kikubaaqudgha
Makhleb
Okawaru
Sif Muna
Trog
Uskayaw
Vehumet
Wu Jian
Yredelemnul

Shops:
D:4

: #..)..........##..##
####)######......##....
#.#.).#.######.......##
#.........####.......##
#....#..##..##.##....##
#...#..#.###.#.##....##
#.....#.#.####..>......
#..#.....### #.##....##
#.....@###.# #.......#
#....#..o.# #.##....#
...#...#.### #.##....#
.#...#..#. ####....#
....... #. #....#
........ ## ######
.#..#.## . .. ..


You could see an orc warrior.


Message History

You feel agile. 😕 HP[+7] MP[+1]
You now have 75 max hp (+7).
You regained 7 hp, and now have 66/75 hp.
Your mp is fully restored (16).
The centaur wields a +0 shortbow.
The centaur shoots an arrow.
The arrow hits you. 😕 HP[-4]
You take 4 damage, and now have 62/75 hp. 😕 HP[+1]
You slash the orc!
You kill the orc!
Okawaru accepts your kill.
The centaur shoots an arrow.
You reflect the arrow off an invisible shield around you!
The arrow hits the centaur!
The centaur shoots an arrow.
The arrow hits you. 😕 HP[-6]
You take 6 damage, and now have 57/75 hp.
The centaur shoots an arrow.
The arrow barely misses you.
Things that are here:
a +0 club {mace}; a +0 chain mail; an orc corpse The centaur unwields a +0 shortbow.
The centaur barely misses you. The centaur closely misses you.
You block the wight's attack. The centaur barely misses you.
You block the centaur's attack.
The centaur hits you but does no damage.
The centaur barely misses you. The wight barely misses you.
You closely miss the centaur. You block the centaur's attack.
The centaur kicks you but does no damage.
The centaur barely misses you. You furiously retaliate!
You headbutt the centaur!
You kill the centaur!
Okawaru accepts your kill.
The wight hits you from afar with a +0 trident.
You feel drained.
Your life force feels restored.
Your Fighting skill increases to level 9!
Your Throwing skill increases to level 2!
You now have 78 max hp (+3).
The wight hits you with a +0 trident.
Things that are here:
a +0 shortbow {bow}; a centaur corpse; 😮 HP[-2]
You take 2 damage, and now have 55/78 hp.
You slash the wight!
You destroy the wight!
Okawaru accepts your kill.
Things that are here:
a +0 trident {polearm}; a +0 robe; 😮 HP[+1]
g - 36 stones {throwing} (gained 5)
An orc warrior comes into view.
It is wielding a +2 dire flail of protection. 😎 HP[+22]
Your hp is fully restored (78).
You block the orc warrior's attack.
You hit the orc warrior but do no damage.
The orc warrior closely misses you.
You barely miss the orc warrior. Your headbutt misses the orc warrior.
The orc warrior closely misses you. You furiously retaliate!
You headbutt the orc warrior!
The orc warrior hits you with a +2 dire flail of protection! 😕 HP[-12]
You take 12 damage, and now have 66/78 hp.
You barely miss the orc warrior. Your headbutt misses the orc warrior.
You block the orc warrior's attack.
You barely miss the orc warrior. You block the orc warrior's attack.
You closely miss the orc warrior.
The orc warrior hits you with a +2 dire flail of protection! 😮 HP[-19]
You take 19 damage, and now have 47/78 hp.
MASSIVE DAMAGE!! (PAUSE)
You hit the orc warrior but do no damage.
The orc warrior hits you with a +2 dire flail of protection!
* * * LOW HITPOINT WARNING * * *
😨 HP[-12]
You take 12 damage, and now have 35/78 hp.
You hit the orc warrior.
The orc warrior hits you with a +2 dire flail of protection!
* * * LOW HITPOINT WARNING * * *
😨 HP[-9]
You take 9 damage, and now have 26/78 hp.
You hit the orc warrior but do no damage.
The orc warrior hits you with a +2 dire flail of protection!
* * * LOW HITPOINT WARNING * * *
😱 HP[-10]
You take 10 damage, and now have 16/78 hp.
You hit the orc warrior but do no damage.
The orc warrior hits you with a +2 dire flail of protection!
* * * LOW HITPOINT WARNING * * *
You block the orc warrior's attack. 😱 HP[-7]
You take 7 damage, and now have 9/78 hp.
The orc warrior unwields a +2 dire flail of protection.
The orc warrior wields a +0 arbalest.
The orc warrior shoots a bolt.
You reflect the bolt off an invisible shield around you!
The bolt closely misses the orc warrior.
You feel better. 😱 HP[+6]
You regained 6 hp, and now have 15/78 hp.
As you read the scroll of teleportation {@r4}, it crumbles to dust.
You feel strangely unstable.
The orc warrior shoots a bolt.
The bolt hits you!
You die...

Skill      XL: |  1  2  3  4  5  6  7  8 |
---------------+-------------------------+-----
Fighting       | 4 5 6 8 9 |  9.1
Axes           | 3 4 5 6 7 |  7.6
Armour         | 4 5 6 |  6.1
Throwing       | 1 2 |  2.2
Shields        | |  3.6

Action                   |  1- 3 |  4- 6 |  7- 9 || total
-------------------------+-------+-------+-------++-------
Melee: War axe           |    71 |   165 |    43 ||   279
       Headbutt          |    13 |    17 |     5 ||    35
  Use: Scroll            |       |    11 |     3 ||    14
       Potion            |       |       |     1 ||     1
Armor: Scale mail        |    25 |    22 |       ||    47
       Ring mail         |       |    43 |    13 ||    56
Dodge: Dodged            |    38 |    68 |    28 ||   134
Block: Buckler           |    21 |    94 |    37 ||   152
       Reflection        |       |     1 |     4 ||     5

Levels and vault maps discovered:
D:1:      ncdulo_smallfort, layout_rooms, corexii_leaking_fountain
D:2:      minmay_razor_zed, layout_rooms
D:3:      layout_loops_ring
D:4:      layout_rooms, gup_sewer_entry_glass, nicolae_shop_self_help
D:5:      minmay_angry_zag, layout_rooms, zin_angel,
          mainiacjoe_overflow_big_doors, minmay_temple_entry_ruins
D:7:      layout_basic, minmay_increasing_density
Temple:   dpeg_three_leaves_temple

Notes
Turn   | Place    | Note
-------+----------+-------------------------------------------
     0 | D:1      | Sanktem7 the Minotaur Fighter began the quest for the Orb.
     0 | D:1      | Reached XP level 1. HP: 19/19 MP: 0/0
     0 | D:1      | magus.rc [v1.9.6]
   116 | D:1      | Reached XP level 2. HP: 27/27 MP: 1/1
   132 | D:1      | Reached skill level 4 in Fighting
   218 | D:1      | Reached skill level 3 in Axes
   534 | D:2      | Reached skill level 4 in Armour
   534 | D:2      | Reached XP level 3. HP: 34/34 MP: 2/2
  1085 | D:2      | You pick up a book of Necromancy and begin reading...
  1085 | D:2      | You add the spells Necrotise, Vampiric Draining and Agony
                  | to your library.
  1107 | D:2      | Identified the +0 scale mail of Death's Door {rN+}
  1130 | D:2      | Reached XP level 4. HP: 41/41 MP: 3/3
  1265 | D:2      | Reached skill level 4 in Axes
  1586 | D:3      | Reached skill level 5 in Fighting
  1743 | D:3      | Reached XP level 5. HP: 45/48 MP: 4/4
  2568 | D:4      | You pick up a book of Spectacle and begin reading...
  2568 | D:4      | You add the spells Dazzling Flash, Iskenderun's Mystic
                  | Blast and Starburst to your library.
  2588 | D:4      | Reached skill level 5 in Axes
  2635 | D:4      | Found a glowing drain.
  2656 | D:4      | Reached XP level 6. HP: 52/57 MP: 5/5
  2689 | Sewer    | Entered a sewer
  2813 | Sewer    | Reached skill level 6 in Fighting
  2988 | Sewer    | Reached skill level 5 in Armour
  3041 | Sewer    | Reached skill level 6 in Axes
  3049 | Sewer    | Reached XP level 7. HP: 27/64 MP: 6/6
  3260 | D:4      | Identified a scroll of acquirement
  3265 | D:4      | Acquired a manual of Fighting
  3410 | D:4      | Found Pyenkar's Self-Improvement Boutique.
  3548 | D:5      | Entered Level 5 of the Dungeon
  3566 | D:5      | Noticed a steam dragon
  3832 | D:5      | Killed a steam dragon
  3833 | D:5      | Reached skill level 7 in Fighting
  3834 | D:5      | Reached skill level 1 in Throwing
  3895 | D:5      | Found a staircase to the Ecumenical Temple.
  3909 | Temple   | Entered the Ecumenical Temple
  3915 | Temple   | Became a worshipper of Warmaster Okawaru
  3975 | D:5      | You fall into a shaft and drop 2 floors!
  4242 | D:7      | Reached skill level 8 in Fighting
  4243 | D:7      | Reached skill level 7 in Axes
  4609 | D:7      | Noticed a yak
  4614 | D:7      | Killed a yak
  4615 | D:7      | Reached skill level 6 in Armour
  4615 | D:7      | Reached XP level 8. HP: 66/75 MP: 7/7
  4624 | D:7      | Reached skill level 9 in Fighting
  4624 | D:7      | Reached skill level 2 in Throwing
  4749 | D:7      | HP: 16/78 [orc warrior/+2 dire flail of protection (10)]
  4754 | D:7      | Shot with a bolt by an orc warrior

Vanquished Creatures
  A yak (D:7)
  A steam dragon (D:5)
  2 centaurs (D:7)
  2 bullfrogs (Sewer)
  A wight (D:7)
  A howler monkey (D:4)
  4 hounds
  A gnoll bouda (D:5)
  3 iguanas
  16 adders
  3 gnolls (D:4)
  3 dart slugs
  5 orcs
  6 bats
  10 endoplasms
  14 giant cockroaches
  9 goblins
  5 hobgoblins
  11 quokkas
  15 ball pythons
  6 frilled lizards
  8 kobolds
  5 rats
132 creatures vanquished.

Vanquished Creatures (others)
  A gnoll (D:5)
1 creature vanquished.

Grand Total: 133 creatures vanquished

Table legend:
 A = Non-vault XP
 B = Vault XP
 C = Vault XP percentage of total XP
 D = Non-vault monster count
 E = Vault monster count
 F = Vault count percentage of total count
                 A         B        C        D         E       F
            +---------+---------+-------+---------+---------+-------
      Total |     861 |     820 |  48.8 |      65 |      67 |  50.8
            +---------+---------+-------+---------+---------+-------
        D:1 |      33 |       0 |   0.0 |      19 |       0 |   0.0
        D:2 |      52 |      46 |  46.9 |      15 |      13 |  46.4
        D:3 |     101 |       0 |   0.0 |      15 |       0 |   0.0
        D:4 |     176 |      46 |  20.7 |       9 |       6 |  40.0
        D:5 |     305 |       0 |   0.0 |       4 |       0 |   0.0
        D:7 |     194 |     398 |  67.2 |       3 |       4 |  57.1
      Sewer |       0 |     330 | 100.0 |       0 |      44 | 100.0
            +---------+---------+-------+---------+---------+-------

Illustrated notes

Table legend:
 A = Kills in this place as a percentage of kills in entire the game.
 B = Kills by you in this place as a percentage of kills by you in the entire game.
 C = Kills by friends in this place as a percentage of kills by friends in the entire game.
 D = Other kills in this place as a percentage of other kills in the entire game.
 E = Experience gained in this place as a percentage of experience gained in the entire game.
 F = Experience gained in this place divided by the number of levels of this place that you have seen.
                   A       B       C       D       E      F
               +-------+-------+-------+-------+-------+----------------------
         Total | 100.0 | 100.0 |   N/A |   N/A | 100.0 | 210.1
       Dungeon |  66.7 |  66.7 |   N/A |   N/A |  80.4 | 225.2
         Sewer |  33.3 |  33.3 |   N/A |   N/A |  19.6 | 330.0
               +-------+-------+-------+-------+-------+----------------------

Table legend: (Time is in decaauts)
 A = Elapsed time spent in this place.
 B = Non-inter-level travel time spent in this place.
 C = Inter-level travel time spent in this place.
 D = Time resting spent in this place.
 E = Time spent auto-exploring this place.
 F = Levels seen in this place.
 G = Mean time per level.
                   A        B        C        D        E       F      G
               +--------+--------+--------+--------+--------+-----+--------+
         Total |   4906 |   4805 |    101 |    229 |   3579 |   8 |  613.2 |
       Dungeon |   4228 |   4127 |    101 |    229 |   3155 |   6 |  704.7 |
        Temple |     17 |     17 |      0 |      0 |      0 |   1 |   17.0 |
         Sewer |    660 |    660 |      0 |      0 |    424 |   1 |  660.0 |
               +--------+--------+--------+--------+--------+-----+--------+

Top non-repeatable levels by time:
     D:3: 1109 daAuts
     D:2: 913 daAuts
     D:7: 781 daAuts
     D:4: 741 daAuts
   Sewer: 660 daAuts
     D:1: 516 daAuts
     D:5: 165 daAuts
  Temple: 17 daAuts
